 Dungeon Crawl Stone Soup version 0.19.0-9-gfd783f2 (webtiles) character file.

14695 Khazard the Grappler (level 12, -9/61 HPs)
             Began as a Gargoyle Gladiator on Nov 7, 2016.
             Was a High Priest of Cheibriados.
             Killed from afar by a gargoyle (20 damage)
             ... with a stone arrow
             ... on level 12 of the Dungeon.
             The game lasted 00:11:57 (8724 turns).

Khazard the Grappler (Gargoyle Gladiator)           Turns: 8724, Time: 00:12:00

Health: -9/61      AC: 32    Str: 30    XL:     12   Next: 19%
Magic:  10/15      EV:  8    Int: 22    God:    Cheibriados [*****.]
Gold:   666        SH: 19    Dex: 24    Spells: 0 memorised, 11 levels left

rFire  . . .     SeeInvis .       - Unarmed
rCold  + . .     Gourm    .     j - +0 plate armour
rNeg   + . .     Faith    .     G - +0 large shield
rPois  ∞         Spirit   .     e - +1 helmet
rElec  +         Reflect  .     A - +1 cloak
rCorr  +         Harm     .     i - +0 pair of gloves
MR     .....                    (no boots)
Stlth  ..........               (no amulet)
                                F - ring of resist corrosion
                                g - +5 ring of slaying

@: flying, slowed, very slow
A: big wings, hooves 1, icy blue scales 2, cold resistance 1, frail 1, low mp 1,
negative energy resistance 1, electricity resistance, unbreathing, petrification
resistance, no device heal 1, rot immunity, AC +8
a: Stop Flying, Bend Time, Temporal Distortion, Slouch, Step From Time, Renounce
Religion


You were on level 12 of the Dungeon.
You worshipped Cheibriados.
Cheibriados was extremely pleased with you.
You were not hungry.

You visited 2 branches of the dungeon, and saw 13 of its levels.

You collected 666 gold pieces.

Inventory:

Missiles
 c - 3 throwing nets (quivered)
Armour
 a - a +0 leather armour
 b - a +0 helmet
 e - a +1 helmet (worn)
 i - a +0 pair of gloves (worn)
 j - a +0 plate armour (worn)
 k - a +0 buckler
 s - a +0 cloak
 A - a +1 cloak (worn)
 G - a +0 large shield (worn)
 J - a +0 chain mail
 N - a +1 leather armour of fire resistance
Jewellery
 g - a +5 ring of slaying (left hand)
 F - a ring of resist corrosion (right hand)
Wands
 w - a wand of iceblast (7/15)
 x - a wand of lightning (0/15)
 y - a wand of lightning (0/15)
 E - a wand of flame (36/48)
 I - a wand of lightning (4/15)
 K - a wand of iceblast (8/15)
Scrolls
 f - 4 scrolls of remove curse
 h - 5 scrolls of identify
 m - 5 scrolls of teleportation
 o - 2 scrolls of magic mapping
 p - 5 scrolls of recharging
 z - 2 scrolls of random uselessness
 Q - a scroll of summoning
 R - a scroll of amnesia
Potions
 r - a potion of heal wounds
 v - 2 potions of curing
 H - a potion of agility
 L - a potion of ambrosia
Books
 q - a book of Enchantments

   Spells                             Type                      Level
   a - Cause Fear                     Hexes                        4
   b - Yara's Violent Unravelling     Hexes/Transmutation          5
   c - Silence                        Hexes/Air                    5
   d - Deflect Missiles               Charms/Air                   6
   e - Discord                        Hexes                        8
 u - a book of Minor Magic

   Spells                             Type                      Level
   a - Magic Dart                     Conjuration                  1
   b - Blink                          Translocation                2
   c - Call Imp                       Summoning                    2
   d - Repel Missiles                 Charms/Air                   2
   e - Slow                           Hexes                        2
   f - Conjure Flame                  Conjuration/Fire             3
   g - Mephitic Cloud                 Conjuration/Poison/Air       3
 B - a book of Changes

   Spells                             Type                      Level
   a - Beastly Appendage              Transmutation                1
   b - Sticks to Snakes               Transmutation                2
   c - Spider Form                    Transmutation/Poison         3
   d - Ice Form                       Ice/Transmutation            4
   e - Blade Hands                    Transmutation                5
 O - a book of Necromancy

   Spells                             Type                      Level
   a - Pain                           Necromancy                   1
   b - Animate Skeleton               Necromancy                   1
   c - Vampiric Draining              Necromancy                   3
   d - Regeneration                   Charms/Necromancy            3
   e - Animate Dead                   Necromancy                   4
   f - Control Undead                 Necromancy                   4
 P - a book of Frost

   Spells                             Type                      Level
   a - Freeze                         Ice                          1
   b - Throw Frost                    Conjuration/Ice              2
   c - Ozocubu's Armour               Charms/Ice                   3
   d - Throw Icicle                   Conjuration/Ice              4
   e - Summon Ice Beast               Ice/Summoning                4
Miscellaneous
 t - a fan of gales
Comestibles
 d - 4 bread rations
 l - 6 fruits
 n - 5 meat rations
 C - 9 slices of pizza
 D - 2 beef jerkies
 M - a royal jelly


   Skills:
 + Level 5.5 Fighting
 - Level 1.7 Throwing
 + Level 9.7 Armour
 + Level 4.6 Dodging
 + Level 8.0 Shields
 * Level 12.7 Unarmed Combat
 + Level 6.9 Invocations


You had 11 spell levels left.
You didn't know any spells.

Dungeon Overview and Level Annotations

Branches:
Dungeon (12/15)            Temple (1/1) D:5            Lair (0/6) D:10
    Orc (0/2) D:11

Altars:
Cheibriados
Dithmenos
Gozag
Hepliaklqana
Kikubaaqudgha
Makhleb
Nemelex Xobeh
Okawaru
Qazlal
Ru
Sif Muna
Trog
Uskayaw
Xom
Yredelemnul
Zin
The Shining One

Shops:
D:4 (   D:5 ?

Annotations:
D:3 ReniFell's ghost, amateur VSFi


Innate Abilities, Weirdness & Mutations

You are resistant to torment.
Your stone body is resilient. (AC +8)
You are immune to poison.
You resist negative energy. (rN+)
You are resistant to electric shocks. (rElec)
You can survive without breathing.
You are immune to petrification.
You are immune to rotting.
Your large and strong wings let you fly indefinitely.
You have large cloven feet.
You are mostly covered in icy blue scales. (AC +3)
Your flesh is cold resistant. (rC+)
You are frail. (-10% HP)
Your magical capacity is low. (-10% MP)
Potions and wands are less effective at restoring your health.


Message History

The gargoyle hurls a stone arrow at you.
The stone arrow hits you!
Unknown command.
You hit the wraith but do no damage. You kick the wraith, but do no damage.
The wraith is severely damaged.
The orc warrior hits you from afar with a trident!
* * * LOW HITPOINT WARNING * * *
You block the wraith's attack.
The gargoyle hurls a stone arrow at you.
The stone arrow misses you.
Unknown command.
Unknown command.
Unknown command.
You fail to use your ability.
You block the orc warrior's attack. The wraith hits you.
* * * LOW HITPOINT WARNING * * *
The wraith drains your vigour!
You feel yourself slow down.
The gargoyle hurls a stone arrow at you.
The stone arrow hits you!
You die...

#....## . ..... .<
##...## #. .....
#..###... #..).o#.###
#....)W...# #@...#.#
. #..9...##)#.# .
#[.(..###.#.#########
. #..#..
#...........# . ...
#.. #.#.#######.# .
##
##..###(...######.##.
.....................
#######.(..###....#..
#.#(####...##.#


You could see a wraith, an orc warrior and a gargoyle.

Vanquished Creatures
  A queen ant (D:11)
  Sonja (D:12)
  An unseen horror (D:11)
  A hill giant (D:11)
  An orc knight (D:12)
  Pikel (D:4)
  A cyclops (D:11)
  Joseph (D:8)
  Maurice (D:8)
  3 trolls
  A hornet (D:10)
  Prince Ribbit (D:7)
  2 two-headed ogres
  A hippogriff (D:8)
  Sigmund (D:6)
  6 yaks (D:11)
  Grum (D:8)
  A human (D:8)
  4 basilisks (D:10)
  Eustachio (D:5)
  2 hungry ghosts
  Menkaure (D:7)
  A water moccasin (D:8)
  8 soldier ants (D:11)
  3 porcupines (D:10)
  An ice beast (D:8)
  4 orc warriors
  A slave (D:4)
  A phantom (D:4)
  A black bear (D:10)
  3 ogres
  4 sky beasts
  3 wolves (D:8)
  3 centaurs
  A crocodile (D:12)
  4 bullfrogs
  A gnoll sergeant (D:11)
  A water moccasin skeleton (D:9)
  2 scorpions
  9 killer bees
  5 howler monkeys
  2 electric eels (D:11)
  A crimson imp (D:7)
  3 centaur zombies
  A bullfrog zombie (D:6)
  5 orc priests
  5 orc wizards
  3 jellies
  A bullfrog skeleton (D:5)
  2 centaur skeletons
  2 hounds
  Crazy Yiuf (D:4)
  11 iguanas
  27 worker ants
  A killer bee zombie (D:7)
  2 hound zombies
  Robin (D:4)
  6 gnolls
  13 adders
  3 river rats (D:10)
  A shadow imp (D:12)
  3 adder skeletons
  A worm (D:5)
  2 dart slugs (D:1)
  4 leopard geckos
  44 orcs
  A giant cockroach (D:1)
  12 goblins
  10 hobgoblins
  11 jackals
  A quokka (D:5)
  A ball python (D:1)
  9 bats
  8 frilled lizards
  5 kobolds
  8 rats
301 creatures vanquished.

Vanquished Creatures (others)
  A slave (D:4)
  A worker ant (D:4)
  3 gnolls (D:4)
  2 giant cockroaches (D:4)
7 creatures vanquished.

Grand Total: 308 creatures vanquished

Notes
Turn   | Place    | Note
-------+----------+-------------------------------------------
     0 | D:1      | Khazard the Gargoyle Gladiator began the quest for the Orb.
     0 | D:1      | Reached XP level 1. HP: 12/12 MP: 1/1
   267 | D:1      | Reached XP level 2. HP: 17/17 MP: 2/2
   520 | D:1      | Reached skill level 4 in Unarmed Combat
   538 | D:1      | Reached XP level 3. HP: 21/21 MP: 3/3
   893 | D:2      | Reached skill level 1 in Armour
  1145 | D:2      | Reached XP level 4. HP: 17/26 MP: 4/4
  1209 | D:2      | Found a faded altar of an unknown god.
  1550 | D:2      | Found a deep blue altar of Sif Muna.
  1819 | D:3      | Noticed ReniFell's ghost (amateur VSFi)
  1849 | D:4      | Reached XP level 5. HP: 25/30 MP: 5/5
  1999 | D:4      | Reached skill level 5 in Unarmed Combat
  2036 | D:4      | Noticed a slave
  2037 | D:4      | Noticed Pikel
  2039 | D:4      | Noticed a slave
  2039 | D:4      | Noticed a slave
  2040 | D:4      | Noticed a slave
  2044 | D:4      | Killed a slave
  2047 | D:4      | Killed Pikel
  2047 | D:4      | Reached skill level 7 in Unarmed Combat
  2047 | D:4      | Reached XP level 6. HP: 35/35 MP: 6/6
  2047 | D:4      | Reached XP level 7. HP: 40/40 MP: 7/7
  2187 | D:4      | Noticed Robin
  2208 | D:4      | Killed Robin
  2254 | D:4      | Found Qanoic's Weapon Boutique.
  2576 | D:4      | Found a shadowy altar of Dithmenos.
  2672 | D:4      | Reached skill level 1 in Shields
  2718 | D:4      | Found a runed door.
  2998 | D:4      | Noticed Crazy Yiuf
  3000 | D:4      | Killed Crazy Yiuf
  3037 | D:5      | Entered Level 5 of the Dungeon
  3077 | D:5      | Reached skill level 5 in Armour
  3077 | D:5      | Reached XP level 8. HP: 41/44 MP: 8/8
  3118 | D:5      | Noticed Eustachio
  3142 | D:5      | Killed Eustachio
  3142 | D:5      | Reached skill level 8 in Unarmed Combat
  3169 | D:5      | Found a staircase to the Ecumenical Temple.
  3180 | Temple   | Entered the Ecumenical Temple
  3208 | Temple   | Became a worshipper of Cheibriados the Contemplative
  3295 | D:5      | Found Qothruus's Magic Scroll Shoppe.
  3696 | D:6      | Found a bloodstained altar of Trog.
  3696 | D:6      | Found an opulent altar of Gozag.
  3697 | D:6      | Found a sacrificial altar of Ru.
  3697 | D:6      | Found a burning altar of Makhleb.
  3697 | D:6      | Noticed Sigmund
  3699 | D:6      | Found a hazy altar of Hepliaklqana.
  3710 | D:6      | Killed Sigmund
  3873 | D:6      | Found a glowing silver altar of Zin.
  4254 | D:7      | Reached skill level 9 in Unarmed Combat
  4267 | D:7      | Reached XP level 9. HP: 35/48 MP: 9/9
  4497 | D:7      | Reached * piety under Cheibriados
  4526 | D:7      | Noticed Menkaure
  4532 | D:7      | Killed Menkaure
  4853 | D:7      | Noticed Prince Ribbit
  4866 | D:7      | Killed Prince Ribbit
  4866 | D:7      | Reached skill level 1 in Invocations
  5035 | D:7      | Found a glowing golden altar of the Shining One.
  5245 | D:7      | Reached skill level 5 in Shields
  5420 | D:8      | Noticed Grum
  5429 | D:8      | Reached skill level 10 in Unarmed Combat
  5430 | D:8      | Killed Grum
  5494 | D:8      | Reached XP level 10. HP: 31/53 MP: 12/12
  5635 | D:8      | Noticed Maurice
  5641 | D:8      | Killed Maurice
  5697 | D:8      | Noticed Joseph
  5720 | D:8      | Killed Joseph
  5720 | D:8      | Reached ** piety under Cheibriados
  6094 | D:9      | Reached skill level 11 in Unarmed Combat
  6099 | D:9      | Gained mutation: Your muscles are strong. (Str +2) [mutagenic meat]
  6100 | D:9      | Gained mutation: You are partially covered in icy blue scales. (AC +2) [mutagenic meat]
  6101 | D:9      | Gained mutation: You are frail. (-10% HP) [mutagenic meat]
  6102 | D:9      | Gained mutation: You are very frail. (-20% HP) [mutagenic meat]
  6103 | D:9      | Gained mutation: You have large cloven feet. [mutagenic meat]
  6112 | D:9      | Gained mutation: Your large and strong wings let you fly indefinitely. [potion of mutation]
  6112 | D:9      | Gained mutation: You can translocate small distances at will. [potion of mutation]
  6163 | D:9      | Found an ancient bone altar of Kikubaaqudgha.
  6653 | D:9      | Reached *** piety under Cheibriados
  6723 | D:9      | Found a shimmering altar of Xom.
  6723 | D:9      | Found a shimmering altar of Xom.
  6724 | D:9      | Found a shimmering altar of Xom.
  6724 | D:9      | Found a shimmering altar of Xom.
  6724 | D:9      | Found a shimmering altar of Xom.
  6725 | D:9      | Found a shimmering altar of Xom.
  6726 | D:9      | Found a shimmering altar of Xom.
  6735 | D:9      | Found a shimmering altar of Xom.
  6735 | D:9      | Found a shimmering altar of Xom.
  6812 | D:10     | Entered Level 10 of the Dungeon
  7084 | D:10     | Found a staircase to the Lair.
  7099 | D:10     | Reached skill level 5 in Invocations
  7099 | D:10     | Reached XP level 11. HP: 48/48 MP: 14/14
  7377 | D:10     | Reached **** piety under Cheibriados
  7689 | D:11     | Lost mutation: You are very frail. (-20% HP) [mutagenic meat]
  7692 | D:11     | Gained mutation: You are agile. (Dex +2) [mutagenic meat]
  7694 | D:11     | Lost mutation: Your muscles are strong. (Str +2) [mutagenic meat]
  7709 | D:11     | Noticed a cyclops
  7723 | D:11     | Killed a cyclops
  7802 | D:11     | Gained mutation: Your magical capacity is low. (-10% MP) [mutagenic meat]
  7806 | D:11     | Lost mutation: You are agile. (Dex +2) [mutagenic meat]
  7807 | D:11     | Gained mutation: Potions and wands are less effective at restoring your health. [mutagenic meat]
  7904 | D:11     | Reached skill level 12 in Unarmed Combat
  8129 | D:11     | Gained mutation: You are mostly covered in icy blue scales. (AC +3) [mutagenic meat]
  8130 | D:11     | Gained mutation: Your flesh is cold resistant. (rC+) [mutagenic meat]
  8131 | D:11     | Lost mutation: You can translocate small distances at will. [mutagenic meat]
  8181 | D:11     | Noticed a queen ant
  8186 | D:11     | Reached ***** piety under Cheibriados
  8193 | D:11     | Killed a queen ant
  8249 | D:11     | Killed an unseen horror
  8363 | D:11     | Reached skill level 5 in Fighting
  8422 | D:11     | Found a staircase to the Orcish Mines.
  8436 | D:11     | Reached XP level 12. HP: 35/61 MP: 15/15
  8695 | D:12     | Noticed Sonja
  8711 | D:12     | Killed Sonja
  8724 | D:12     | Killed from afar by a gargoyle

Skill      XL: |  1  2  3  4  5  6  7  8  9 10 11 12 |
---------------+-------------------------------------+-----
Unarmed Combat | 4 7 9 10 11 12 | 12.7
Armour         | 1 2 4 5 6 7 8 9 |  9.7
Shields        | 1 4 5 6 7 8 |  8.0
Invocations    | 3 5 6 |  6.9
Dodging        | 3 4 |  4.6
Fighting       | 3 5 |  5.5
Throwing       | |  1.7

Action                   |  1- 3 |  4- 6 |  7- 9 | 10-12 || total
-------------------------+-------+-------+-------+-------++-------
Melee: Unarmed           |   184 |   121 |   247 |   406 ||   958
       Punch             |     1 |     1 |       |       ||     2
       Kick              |       |       |       |   170 ||   170
Invok: Slouch            |       |       |       |     2 ||     2
 Abil: Fly               |       |       |       |     1 ||     1
Evoke: Wand              |       |       |    10 |     8 ||    18
  Use: Potion            |       |     3 |       |     4 ||     7
       Scroll            |       |       |     6 |    11 ||    17
  Eat: Chunk             |     1 |     3 |       |    22 ||    26
       Bread ration      |       |       |     4 |     2 ||     6
Armor: Leather armour    |    40 |       |       |       ||    40
       Plate armour      |   145 |    87 |   201 |    21 ||   454
       Skin              |       |     3 |       |       ||     3
       Chain mail        |       |       |       |   163 ||   163
Dodge: Dodged            |    92 |    35 |    94 |   115 ||   336
Block: Buckler           |       |       |    42 |    39 ||    81
       Large shield      |       |       |     9 |   174 ||   183
